 Dungeon Sprint DCSS version 0.28-a0-422-gd71735cc25 (webtiles) character file.

Game seed: 2956226308920819722

9 LeRed the Grasshopper (level 2, -13/42 HPs)
             Began as a Troll Warper on Sept 8, 2021.
             Killed from afar by an oklob sapling (22 damage)
             ... with a splash of acid
             ... in the Dungeon (Sprint IV: "Fedhas' Mad Dash").
             The game lasted 00:00:41 (22 turns).

LeRed the Grasshopper (Troll Warper)                  Turns: 22, Time: 00:00:41

Health: -13/42     AC:  4    Str: 18    XL:     2   Next: 3%
Magic:  1/3        EV: 10    Int:  9    God:
Gold:   0          SH:  0    Dex:  9    Spells: 4/4 levels left

rFire   . . .      SeeInvis .   a - +0 spear
rCold   . . .      Faith    .   (no shield)
rNeg    . . .      Spirit   .   b - +0 robe
rPois   .          Reflect  .   (helmet restricted)
rElec   .          Harm     .   (no cloak)
rCorr   .          Rampage  .   (gloves unavailable)
Will    .....      NoTele   +   (boots unavailable)
Stlth   ..........              (no amulet)
HPRegen 1.14/turn               (no ring)
MPRegen 0.08/turn               (no ring)

@: berserking, very quick
A: large, unfitting armour, claws 3, regeneration 1, shaggy fur 1, tough skin 1
a: no special abilities


You were in the Dungeon.
You visited 1 branch

Inventory:

Hand Weapons
 a - a +0 spear (weapon)
Missiles
 d - 5 boomerangs of dispersal (quivered)
Armour
 b - a +0 robe (worn)
Scrolls
 c - 2 scrolls of blinking
Potions
 e - a potion of curing
 f - a potion of heal wounds
 g - a potion of haste
 h - 2 potions of magic


   Skills:
 + Level 1.8 Fighting
 + Level 1.8 Polearms
 + Level 0.9 Throwing
 + Level 2.7 Dodging
 + Level 1.5 Spellcasting
 + Level 2.8 Translocations


You had 4 spell levels left.
You didn't know any spells.
Your spell library contained the following spells:

 Spells                   Type           Power      Damage    Failure   Level
 Blink                    Tloc           N/A        N/A       16%         2
 Gell's Gravitas          Tloc           2%         N/A       32%         3
 Lesser Beckoning         Tloc           5%         N/A       32%         3
 Teleport Other           Tloc           5%         N/A       32%         3
 Manifold Assault         Tloc           5%         N/A       96%         5


Dungeon Overview and Level Annotations

Branches:
Dungeon (1/1)

Altars:

Annotations:
D exclusion: oklob sapling


Innate Abilities, Weirdness & Mutations

You are too large for most types of armour.
You have claws for hands.
Your natural rate of healing is unusually fast.
You are covered in fur. (AC +1)
You have tough skin. (AC +1)


Message History

The river rat is almost dead.
The river rat completely misses you. The rat bites you but does no damage.
You closely miss the river rat.
The river rat is almost dead.
The river rat bites you!
* * * LOW HITPOINT WARNING * * *
The rat bites you.
* * * LOW HITPOINT WARNING * * *
Press: ? - help, v - describe, . - travel The floor.
Press: ? - help, v - describe, . - travel The floor.
You don't know any spells.
You don't know any spells.
The river rat completely misses you. The river rat closely misses you.
The rat bites you but does no damage. The river rat bites you.
* * * LOW HITPOINT WARNING * * *
The river rat barely misses you. The rat bites you but does no damage.
You open the door.
An oklob sapling comes into view.
The river rat bites you.
Marking area around an oklob sapling as unsafe for travelling.
Found 45 gold pieces.
A red film seems to cover your vision as you go berserk!
You feel yourself moving faster!
You feel mighty! The rat bites you but does no damage. The river rat bites you.
* * * LOW HITPOINT WARNING * * *
You puncture the river rat!
You kill the river rat!
The rat bites you but does no damage.
Your Dodging skill increases to level 2!
You have reached level 2!
The rat closely misses you.
You see here a river rat corpse.
You closely miss the rat. The oklob sapling spits acid at you.
The splash of acid hits you!!
Ouch! That really hurt!
You die...

############ #####
#<..P#.....#.$$$$#
#PP..'.?.@.'.#
#PPPP#...r.#P#
############ #


You could see an oklob sapling and a rat.

Vanquished Creatures
  A river rat (D)
1 creature vanquished.

Notes
Turn   | Place    | Note
-------+----------+-------------------------------------------
     0 | D        | LeRed the Troll Warper began the quest for the Orb.
     0 | D        | Reached XP level 1. HP: 19/19 MP: 1/1
    18 | D        | Noticed an oklob sapling
    21 | D        | Reached XP level 2. HP: 7/28 MP: 1/3
    22 | D        | Killed from afar by an oklob sapling

Illustrated notes

Levels and vault maps discovered:
D:        dungeon_sprint_fedhas [sprint_temple]

Skill      XL: |  1 |
---------------+----+-----
Dodging        | 2 |  2.7
Fighting       | |  1.8
Polearms       | |  1.8
Throwing       | |  0.9
Spellcasting   | |  1.5
Translocations | |  2.8

Action                   || total
-------------------------++-------
Melee: Spear             ||     7
  Use: Potion            ||     1
Armor: Robe              ||     5
Dodge: Dodged            ||     9

Table legend: (Time is in decaauts)
 A = Elapsed time spent in this place.
 B = Non-inter-level travel time spent in this place.
 C = Inter-level travel time spent in this place.
 D = Time resting spent in this place.
 E = Time spent auto-exploring this place.
 F = Levels seen in this place.
 G = Mean time per level.
                   A        B        C        D        E       F      G
               +--------+--------+--------+--------+--------+-----+--------+
         Total |     21 |     21 |      0 |      0 |      0 |   1 |   21.0 |
       Dungeon |     21 |     21 |      0 |      0 |      0 |   1 |   21.0 |
               +--------+--------+--------+--------+--------+-----+--------+

Top non-repeatable levels by time:
       D: 21 daAuts
